 Dungeon Crawl Stone Soup version 0.30-a0-972-gf3ab3527aa (webtiles) character file.

Game seed: 7067797908518936913

51 vishdafish the Conjurer (level 3, -4/24 HPs)
             Began as a Demonspawn Conjurer on Mar 31, 2023.
             Slain by a goblin
             ... wielding a +0 club
             ... led by Robin
              (5 damage)
             ... on level 2 of the Dungeon.
             The game lasted 00:02:09 (1293 turns).

vishdafish the Conjurer (Demonspawn Conjurer)       Turns: 1293, Time: 00:02:11

Health: -4/24      AC:  7    Str:  7    XL:     3   Next: 57%
Magic:  7/7        EV: 11    Int: 26    God:
Gold:   55         SH:  0    Dex: 11    Spells: 7/8 levels left

rFire   . . .      SeeInvis .    m - +2 short sword (drain)
rCold   + . .      Faith    .    (no shield)
rNeg    . . .      Spirit   .    g - +0 leather armour of Facvaprog {Int+5}
rPois   .          Reflect  .    (no helmet)
rElec   .          Rampage  .    (no cloak)
rCorr   .                        (no gloves)
Will    .....                    l - +0 pair of boots
Stlth   +                        (no amulet)
HPRegen 0.24/turn                d - ring of protection from cold
MPRegen 0.10/turn                (no ring)

@: no status effects
A: yellow scales 2
a: no special abilities


You were on level 2 of the Dungeon.
You visited 1 branch of the dungeon, and saw 2 of its levels.

You collected 55 gold pieces.

Inventory:

Hand Weapons
 b - a +0 whip of flaming
 m - a +2 short sword of draining (weapon)
Armour
 a - a +0 robe
 g - the +0 leather armour of Facvaprog (worn) {Int+5}
   (You found it on level 1 of the Dungeon)

   Int:       It affects your intelligence (+5).
 l - a +0 pair of boots (worn)
Jewellery
 d - a ring of protection from cold (left hand)
 j - a ring of protection from fire
Scrolls
 c - 3 scrolls of poison {unknown}
 h - 2 scrolls of teleportation {unknown}
 i - a scroll of silence {unknown}
Potions
 e - 2 potions of mutation {unknown}
 k - a potion of magic
 n - a potion of flight {unknown}


   Skills:
 - Level 1.7 Dodging
 - Level 1.7 Stealth
 + Level 3.0 Spellcasting
 + Level 4.7 Conjurations


You had 7 spell levels left.
You knew the following spells:

 Your Spells              Type           Power      Damage    Failure   Level
a - Magic Dart            Conj           100%       1d8       1%          1

Your spell library contained the following spells:

 Spells                   Type           Power      Damage    Failure   Level
 Searing Ray              Conj           56%        2d6       3%          2
 Dazzling Flash           Conj/Hex       32%        N/A       16%         3
 Lesser Beckoning         Tloc           6%         N/A       22%         2
 Gell's Gravitas          Tloc           3%         N/A       38%         3
 Teleport Other           Tloc           3%         N/A       38%         3
 Fulminant Prism          Conj/Hex       8%         3d7       47%         4
 Iskenderun's Mystic Bla  Conj/Tloc      16%        2d5       47%         4


Dungeon Overview and Level Annotations

Branches:
Dungeon (2/15)

Altars:

Shops:
D:1 (

Annotations:
D:2 Robin


Innate Abilities, Weirdness & Mutations

You are mostly covered in yellow scales. (AC +3)


Message History

The goblin barely misses you.
Robin roars a battlecry!
The goblins go into a battle-frenzy!
You closely miss the goblin. The goblin misses you.
The goblin barely misses you. x2; Robin closely misses you.
A goblin comes into view. It is wielding a +0 dagger.
The kobold shouts!
You hit the goblin.
The goblin is moderately wounded.
The goblin hits you with a +0 club.
The goblin hits you but does no damage. x2
Robin misses you.
You hit the goblin. You drain the goblin.
You kill the goblin!
A goblin comes into view. It is wielding a +0 club.
The goblin hits you but does no damage.
A goblin comes into view. It is wielding a +0 dagger.
The goblin hits you with a +0 club. Robin closely misses you.
You hit the goblin but do no damage.
The goblin hits you but does no damage. x2
The goblin barely misses you.
You barely miss the goblin. The goblin hits you but does no damage.
A hobgoblin comes into view.
A goblin comes into view. It is wielding a +0 dagger.
The goblin hits you with a +0 club. The goblin hits you with a +0 dagger.
The goblin hits you with a +0 club.
* * * LOW HITPOINT WARNING * * *
A goblin comes into view. It is wielding a +0 club.
Robin closely misses you.
Casting: Magic Dart (safe; 1% risk of failure)
Confirm with . or Enter, or press ? or * to list all spells.
Okay, then.
Okay, then.
Unknown command.
Okay, then.
As you read the scroll labelled VOIHU JOCZIK, it crumbles to dust.
The scroll dissolves into smoke.
It was a scroll of fog.
The goblin hits you with a +0 dagger.
* * * LOW HITPOINT WARNING * * *
The goblin closely misses you. x2; The goblin completely misses you.
The goblin hits you with a +0 club.
You die...

.## ... .g.
#.## gg.# #
#gK#.# #
#gg#.#.##
#@g...!..
###.###gg§...##
......§g§#.###
#######.## #
#.# ..# #.# ..#
###


You could see Robin, a hobgoblin, 8 goblins and a kobold.

Vanquished Creatures
  2 dart slugs (D:1)
  A bat (D:1)
  4 endoplasms (D:1)
  A giant cockroach (D:1)
  6 goblins
  4 hobgoblins
  3 jackals (D:1)
  7 kobolds (D:1)
  2 quokkas (D:1)
  6 ball pythons (D:1)
  A frilled lizard (D:1)
  4 rats (D:1)
41 creatures vanquished.

Notes
Turn   | Place    | Note
-------+----------+-------------------------------------------
     0 | D:1      | vishdafish the Demonspawn Conjurer began the quest for the
                  | Orb.
     0 | D:1      | Reached XP level 1. HP: 13/13 MP: 3/3
   278 | D:1      | Gained mutation: You are partially covered in yellow
                  | scales. (AC +2) [demonic ancestry]
   278 | D:1      | Reached XP level 2. HP: 19/19 MP: 1/5
   620 | D:1      | Found a faded altar of an unknown god.
   665 | D:1      | Gained mutation: You are mostly covered in yellow scales.
                  | (AC +3) [demonic ancestry]
   665 | D:1      | Reached XP level 3. HP: 22/24 MP: 0/7
   716 | D:1      | Identified the +0 leather armour of Facvaprog {Int+5}
  1065 | D:1      | Found Lueluyt's Weapon Emporium.
  1281 | D:2      | Noticed Robin
  1293 | D:2      | HP: 1/24 [goblin/+0 dagger[Robin] (2)]
  1293 | D:2      | Slain by a goblin

Illustrated notes

Levels and vault maps discovered:
D:1:      nicolae_arrival_memento_mori, layout_loops_ring, serial_shops,
          nicolae_shop_bloodbath_and_beyond, serial_aquarium,
          aquarium_bridge_island_small [aquarium_subvault_small_water,
          aquarium_subvault_window, aquarium_subvault_bridge,
          aquarium_subvault_wall, aquarium_subvault_wall], aquarium_window_fake,
          aquarium_window_fake, aquarium_view_2c, aquarium_view_2b,
          aquarium_pool_2, hellmonk_ecumenical_altar_lost_god,
          minmay_heptomino_w4
D:2:      layout_basic, uniq_robin

Skill      XL: |  1  2  3 |
---------------+----------+-----
Spellcasting   | 3 |  3.0
Dodging        | |  1.7
Stealth        | |  1.7
Conjurations   | |  4.7

Action                     || total
---------------------------++-------
  Melee: Unarmed           ||    32
         Whip              ||    13
         Short sword       ||    19
         Punch             ||     1
   Cast: Magic Dart        ||    57
    Use: Potion            ||     1
         Scroll            ||     1
   Stab: Sleeping          ||     2
 Armour: Robe              ||    11
         Leather armour    ||    17
  Dodge: Dodged            ||    80

Table legend: (Time is in decaauts)
 A = Elapsed time spent in this place.
 B = Non-inter-level travel time spent in this place.
 C = Inter-level travel time spent in this place.
 D = Time resting spent in this place.
 E = Time spent auto-exploring this place.
 F = Levels seen in this place.
 G = Mean time per level.
                   A        B        C        D        E       F      G
               +--------+--------+--------+--------+--------+-----+--------+
         Total |   1292 |   1253 |     39 |      0 |    970 |   2 |  646.0 |
       Dungeon |   1292 |   1253 |     39 |      0 |    970 |   2 |  646.0 |
               +--------+--------+--------+--------+--------+-----+--------+

Top non-repeatable levels by time:
     D:1: 1277 daAuts
     D:2: 14 daAuts
